 Dungeon Crawl Stone Soup version 0.27-a0-988-g25969acef8 (webtiles) character file.

Game seed: 12660274964267728454

58 robertstho the Sneak (level 3, -1/49 HPs)
             Began as a Minotaur Delver on Apr 15, 2021.
             Succumbed to a water moccasin's poison
             ... on level 3 of the Dungeon.
             The game lasted 00:02:32 (2163 turns).

robertstho the Sneak (Minotaur Delver)              Turns: 2163, Time: 00:02:33

Health: -1/49      AC: 21    Str: 17    XL:     3   Next: 75%
Magic:  2/2        EV:  2    Int:  7    God:
Gold:   81         SH:  0    Dex: 11    Spells: 2/2 levels left

rFire    . . .     SeeInvis .   a - +1 falchion
rCold    . . .     Faith    .   (no shield)
rNeg     + + +     Spirit   .   (armour currently unavailable)
rPois    +         Reflect  .   (helmet currently unavailable)
rElec    .         Harm     .   (cloak currently unavailable)
rCorr    .         Rampage  .   (gloves currently unavailable)
Will     .....     NoTele   +   (boots currently unavailable)
Stlth    +++.......             (no amulet)
HPRegen  0.16/turn              (no ring)
MPRegen  0.08/turn              (no ring)

@: lethally poisoned (-1 -> -10), tree-form, attractive, hasted, very quick
A: stationary, stasis, torment immunity, boosted hp, (horns 2), (retaliatory
headbutt)
a: no special abilities


You were on level 3 of the Dungeon.
You were a tree.
You visited 1 branch of the dungeon, and saw 5 of its levels.

You collected 81 gold pieces.

Inventory:

Hand Weapons
 a - a +1 falchion (weapon)
Armour
 b - a +0 leather armour
 o - a +0 chain mail (melded)
Wands
 g - a wand of digging (3)
Scrolls
 c - a scroll of fog
 d - 2 scrolls of magic mapping
 e - 2 scrolls of fear
 i - a scroll of teleportation
Potions
 f - a potion of haste
 m - a potion of cancellation
 n - a potion of lignification


   Skills:
 * Level 3.9 Fighting
 + Level 2.6 Long Blades
 * Level 1.7 Armour
 + Level 2.2 Dodging
 * Level 4.9 Stealth


You had 2 spell levels left.
You didn't know any spells.
Your spell library was empty.

Dungeon Overview and Level Annotations

Branches:
Dungeon (5/15)
 Temple: D:4-7

Altars:
Elyvilon

Shops:
D:2 [

Annotations:
D:4 3 runed translucent doors


Innate Abilities, Weirdness & Mutations

You are a tree.
Your roots penetrate the ground, keeping you stationary.
You cannot be teleported.
You are immune to unholy pain and torment.
Your maximum health is greatly increased.
Your equipment is partially melded.
((You have a pair of horns on your head.))
((You reflexively headbutt those who attack you in melee.))


Message History

You hit the water moccasin.
The water moccasin is moderately wounded.
The water moccasin bites you!
You are poisoned.
The water moccasin poisons you!
The water moccasin bites you but does no damage.
You barely miss the water moccasin.
Your headbutt misses the water moccasin.
The water moccasin is moderately wounded.
You feel very sick. The water moccasin bites you.
The water moccasin bites you but does no damage.
You barely miss the water moccasin.
Your headbutt misses the water moccasin.
The water moccasin is moderately wounded.
You feel sick. The water moccasin bites you!
* * * LOW HITPOINT WARNING * * *
You are lethally poisoned!
The water moccasin poisons you!
The water moccasin bites you but does no damage.
You are too injured to fight recklessly!
You feel better. The water moccasin bites you.
You feel yourself speed up. The water moccasin bites you!
You are lethally poisoned!
The water moccasin poisons you!
You closely miss the water moccasin.
The water moccasin is moderately wounded.
* * * LOW HITPOINT WARNING * * *
You feel very sick. The water moccasin bites you.
* * * LOW HITPOINT WARNING * * *
It was a potion of lignification.
You turn into a tree.
Your +0 chain mail melds into your body.
Your roots penetrate the ground.
* * * LOW HITPOINT WARNING * * *
You feel sick.
The water moccasin bites you but does no damage.
It was a potion of attraction.
You feel attractive to monsters.
You die...

.##.##.#.###.......##
.......#.# #.......#
###......# ###.....#
##.##### ...... #...# #.##.#
#...# .##.# #...# . ..(.#
#...# ....#####.# #######
###...##.......S♣..# #.....#
...........#######.###.....#
........... #.........#
........... #.###..<..#
###...##### #.# #.....#
#...# #.# ####### #...# ..#
#...# ### ...#


You could see a water moccasin.

Vanquished Creatures
  A gnoll (D:1)
  2 adders
  A worm (D:2)
  A ball python (D:2)
  A bat (D:2)
  2 endoplasms
  2 giant cockroaches
  2 goblins
  3 hobgoblins
  3 jackals (D:1)
  5 kobolds
  A quokka (D:4)
  A frilled lizard (D:1)
25 creatures vanquished.

Notes
Turn   | Place    | Note
-------+----------+-------------------------------------------
     0 | D:5      | robertstho the Minotaur Delver began the quest for the Orb.
     0 | D:5      | Reached XP level 1. HP: 19/19 MP: 0/0
    72 | D:4      | Noticed an iguana
    79 | D:4      | Found a runed translucent gate.
    79 | D:4      | Found a runed translucent gate.
    79 | D:4      | Found a runed translucent gate.
   114 | D:4      | Reached XP level 2. HP: 27/27 MP: 1/1
   134 | D:4      | Found a white marble altar of Elyvilon.
   587 | D:2      | Reached skill level 1 in Armour
   804 | D:2      | Reached XP level 3. HP: 22/33 MP: 2/2
  1381 | D:1      | Found a faded altar of an unknown god.
  1964 | D:2      | Found Teakh's Armour Shoppe.
  2150 | D:3      | Noticed a water moccasin
  2161 | D:3      | HP: 1/33 [water moccasin (6)]
  2163 | D:3      | Succumbed to a water moccasin's poison

Illustrated notes

Levels and vault maps discovered:
D:1:      psy_arrival_radial02, layout_basic, shapermc_ecumenical_altar_venn,
          serial_curves, eino_curves_01, eino_curves_01
D:2:      layout_loops_ring, serial_shops, shop
D:3:      layout_loops_cross, overflow_temple_1_default
D:4:      layout_gridville, kennysheep_little_box,
          minmay_temple_entry_nine_rooms, gammafunk_ghost_icy
D:5:      layout_loops_ring

Skill      XL: |  1  2 |
---------------+-------+-----
Armour         | 1 |  1.7
Fighting       | |  3.9
Long Blades    | |  2.6
Dodging        | |  2.2
Stealth        | |  4.9

Action                   || total
-------------------------++-------
Melee: Falchion          ||    56
       Headbutt          ||    14
  Use: Scroll            ||     6
       Potion            ||     4
 Stab: Sleeping          ||     3
Armor: Leather armour    ||    10
       Chain mail        ||     8
       Skin              ||     1
Dodge: Dodged            ||    32
       Rpst.: Falchion   ||    11

Table legend: (Time is in decaauts)
 A = Elapsed time spent in this place.
 B = Non-inter-level travel time spent in this place.
 C = Inter-level travel time spent in this place.
 D = Time resting spent in this place.
 E = Time spent auto-exploring this place.
 F = Levels seen in this place.
 G = Mean time per level.
                   A        B        C        D        E       F      G
               +--------+--------+--------+--------+--------+-----+--------+
         Total |   2179 |   2094 |     85 |      0 |   1779 |   5 |  435.8 |
       Dungeon |   2179 |   2094 |     85 |      0 |   1779 |   5 |  435.8 |
               +--------+--------+--------+--------+--------+-----+--------+

Top non-repeatable levels by time:
     D:1: 926 daAuts
     D:2: 695 daAuts
     D:3: 339 daAuts
     D:4: 153 daAuts
     D:5: 64 daAuts
